 Dungeon Crawl Stone Soup version 0.18.1-47-g9310371 (webtiles) character file.

137 Oakoak the Ducker (level 5, -3/53 HPs)
             Began as a Troll Berserker on June 20, 2016.
             Was a Believer of Trog.
             Slain by an orc wizard
             ... wielding a +0 dagger
              (4 damage)
             ... on level 3 of the Dungeon.
             The game lasted 00:12:34 (1760 turns).

Oakoak the Ducker (Troll Berserker)                 Turns: 1760, Time: 00:12:34

Health: -3/53      AC:  5    Str: 23 (26) XL:     5   Next: 0%
Magic:  4/4        EV: 10    Int:  2 (3)  God:    Trog [**....]
Gold:   179        SH:  0    Dex:  6 (9)  Spells: 0 memorised, 4 levels left

rFire  . . .     SeeInvis .     q - +0 hand axe
rCold  . . .     Gourm    +     b - +0 animal skin
rNeg   . . .     Faith    .     (no shield)
rPois  .         Spirit   .     (helmet restricted)
rElec  .         Dismiss  .     (no cloak)
rCorr  .         Reflect  .     (gloves unavailable)
SustAt .         Harm     .     (boots unavailable)
MR     .....                    (no amulet)
Stlth  +.........               (no ring)
                                (no ring)

@: exhausted, slowed, very slow, not resistant to hostile enchantments, very
unstealthy
A: unfitting armour, claws 3, fast metabolism 3, gourmand, regeneration 2,
shaggy fur 1, tough skin 2
a: Berserk, Trog's Hand, Burn Spellbooks, Renounce Religion


You were on level 3 of the Dungeon.
You worshipped Trog.
Trog was pleased with you.
You were not hungry.

You visited 1 branch of the dungeon, and saw 3 of its levels.

You collected 179 gold pieces.

Inventory:

Hand Weapons
 a - a +0 hand axe
 q - a +0 hand axe (weapon)
Armour
 b - a +0 animal skin (worn)
 g - a +0 chain mail
 j - a +0 leather armour
Jewellery
 d - an uncursed ring of magical power {unknown}
Wands
 k - a wand of teleportation (6/9)
Scrolls
 i - a scroll of amnesia {unknown}
 r - 3 scrolls of remove curse {unknown}
 s - a scroll of immolation {unknown}
Potions
 n - a potion of lignification {unknown}
 p - a potion of curing {unknown}
Comestibles
 c - a bread ration
 f - a beef jerky
 l - a meat ration


   Skills:
 + Level 3.0 Fighting
 + Level 3.0 Axes
 + Level 3.8 Dodging
 + Level 0.2 Stealth


You had 4 spell levels left.
You didn't know any spells.

Dungeon Overview and Level Annotations

Branches:
Dungeon (3/15)

Altars:


Innate Abilities, Weirdness & Mutations

You are too large for most types of armour.
You have claws for hands.
Your metabolism is lightning-fast.
You like to eat raw meat.
You heal very quickly.
You are covered in fur (AC +1).
You have very tough skin (AC +2).


Message History

You kill the orc!
Trog accepts your kill.
You have reached level 5!
You feel a strong urge to attack something.
The orc wizard casts a spell at you. You resist with some effort.
You are no longer berserk.
You are exhausted.
You feel yourself slow down. The orc wizard hits you with a dagger.
* * * LOW HITPOINT WARNING * * *
You closely miss the orc wizard. The orc wizard casts a spell at you.
The magic dart hits you!
* * * LOW HITPOINT WARNING * * *
You hit the orc wizard.
The orc wizard is moderately wounded.
The orc wizard hits you with a dagger.
* * * LOW HITPOINT WARNING * * *
The orc wizard hits you with a dagger.
You die...

.. #. ##.. ...
##..###.#
#.......
#.....# #....#
#o...# #
#?@..#
#.#####....#
#.#....)...#
#..⌠...))..##
##.....$.....#
#.⌠...<††.⌠..#
#....†)......#
#...⌠...⌠...##
#..........##


You could see an orc wizard.

Vanquished Creatures
  An orc priest (D:3)
  Terence (D:2)
  2 adders (D:2)
  A worm (D:2)
  2 dart slugs (D:2)
  A giant gecko (D:1)
  4 orcs (D:3)
  5 bats
  4 giant cockroaches
  5 goblins
  10 hobgoblins
  5 kobolds
  2 ball pythons (D:1)
  A giant newt (D:1)
  6 rats
50 creatures vanquished.

Notes
Turn   | Place    | Note
--------------------------------------------------------------
     0 | D:1      | Oakoak the Troll Berserker began the quest for the Orb.
     0 | D:1      | Reached XP level 1. HP: 22/22 MP: 0/0
   238 | D:1      | Reached XP level 2. HP: 29/29 MP: 1/1
   875 | D:1      | Reached ** piety under Trog
  1127 | D:2      | Reached XP level 3. HP: 36/36 MP: 2/2
  1220 | D:2      | Noticed Terence
  1231 | D:2      | Killed Terence
  1324 | D:2      | Lost intelligence.
  1351 | D:2      | Reached XP level 4. HP: 18/44 MP: 3/3
  1755 | D:3      | Reached XP level 5. HP: 15/53 MP: 4/4
  1760 | D:3      | HP: 1/53 [orc wizard/dagger (4)]
  1760 | D:3      | Slain by an orc wizard

Skill      XL: |  1  2  3  4 |
---------------+-------------+-----
Dodging        | 3 |  3.8
Axes           | 3 |  3.0
Fighting       | 3 |  3.0
Stealth        | |  0.2

Action                   |  1- 3 |  4- 6 || total
-------------------------+-------+-------++-------
Melee: Hand axe          |   110 |    47 ||   157
Invok: Berserk           |     2 |     1 ||     3
       Trog's Hand       |     1 |       ||     1
  Use: Scroll            |     2 |       ||     2
       Potion            |     1 |     2 ||     3
  Eat: Chunk             |    13 |     3 ||    16
       Bread ration      |       |     1 ||     1
Armor: Animal skin       |    43 |    22 ||    65
Dodge: Dodged            |    83 |    45 ||   128
